 Dungeon Crawl Stone Soup version 0.16-a0-3706-g5dff784 (webtiles) character file.

1509 Argons the Covert (level 8, 39/39 HPs)
             Began as a Felid Artificer on Jan 18, 2015.
             Was an Initiate of Gozag.
             Quit the game on level 8 of the Dungeon on Jan 19, 2015.
             The game lasted 01:06:13 (13045 turns).

Argons the Covert (Felid Artificer)                Turns: 13045, Time: 01:06:13

Health: 39/39      AC:  7    Str:  7    XL:     8   Next: 53%
Magic:  17/17      EV: 24    Int: 13    God:    Gozag
Gold:   847        SH:  0    Dex: 20    Spells: 0 memorised, 7 levels left
                                        Lives:  1   Deaths: 1

rFire  . . .     SeeInvis +       - Unarmed
rCold  . . .     Clarity  .     (armour unavailable)
rNeg   . . .     SustAb   .     (shield unavailable)
rPois  +         Gourm    .     (helmet unavailable)
rElec  .         Spirit   .     (cloak unavailable)
rCorr  .         Warding  .     (gloves unavailable)
rMut   .         Stasis   .     (boots unavailable)
MR     +....                    (no amulet)
Stlth  ++++++....               w - +5 ring of protection
                                u - ring of poison resistance

@: quick, somewhat resistant to hostile enchantments, very stealthy
A: paw claws, no armour, no weapons or thrown items, fangs 3, see invisible,
carnivore 3, speed 1, shaggy fur 2, slow metabolism 1
a: Potion Petition, Call Merchant, Bribe Branch, Renounce Religion


You were on level 8 of the Dungeon.
You worshipped Gozag.
Gozag was noncommittal.
You were not hungry.

You visited 2 branches of the dungeon, and saw 9 of its levels.

You collected 1210 gold pieces.
You spent 228 gold pieces at shops.
You paid 135 gold pieces to Gozag.

Inventory:

Jewellery
 u - a ring of poison resistance (left paw)
 w - a +5 ring of protection (right paw)
 y - an uncursed ring of wizardry
Magical devices
 b - a wand of flame (15)
 c - a wand of enslavement (12)
 i - a wand of random effects (24)
 r - a wand of cold (10)
 t - a wand of confusion (34)
Scrolls
 g - 2 scrolls of teleportation
 j - 3 scrolls of recharging
 n - 2 scrolls of remove curse
 x - a scroll of enchant weapon {unknown}
Potions
 a - 2 potions of haste
 d - 2 potions of might
 e - 9 potions of curing
 h - a potion of heal wounds
 k - 2 potions of brilliance
 l - a potion of beneficial mutation {unknown}
 o - a potion of degeneration {unknown}
 p - a potion of resistance {unknown}
 q - 2 potions of agility
 s - 2 potions of cancellation
 v - a potion of ambrosia {unknown}
 z - a potion of magic {unknown}
Comestibles
 f - 7 meat rations
 m - a beef jerky


   Skills:
 + Level 6.7 Fighting
 + Level 7.0 Dodging
 + Level 10.9 Stealth
 + Level 6.9 Unarmed Combat
 - Level 3.2 Evocations


You had 7 spell levels left.
You didn't know any spells.

Dungeon Overview and Level Annotations

Branches:
Dungeon (8/15)             Temple (1/1) D:6
   Lair: D:8-11

Altars:
Ashenzari
Cheibriados
Dithmenos
Elyvilon
Fedhas
Gozag
Kikubaaqudgha
Makhleb
Nemelex Xobeh
Okawaru
Qazlal
Ru
Sif Muna
Trog
Vehumet
Xom
Yredelemnul
Zin
The Shining One

Shops:
D:6 !   D:7 [

Annotations:
D:8 Duvessa, Pikel


Innate Abilities, Weirdness & Mutations

You cannot wear armour.
You are incapable of wielding weapons or throwing items.
Your paws have sharp claws.
You have razor-sharp teeth.
You have supernaturally acute eyesight.
You are carnivorous and can eat meat at any time.
You cover ground quickly.
You are covered in thick fur (AC +2).
You have a slow metabolism.


Message History

The orc priest dies!
Duvessa hits the orc with a rapier of electrocution.
The orc hits Duvessa but does no damage.
Duvessa hits something with a rapier of electrocution.
You feel a bit more experienced.
Duvessa rages.
Duvessa is no longer charmed.
Duvessa hits you with a rapier of electrocution!
Read which item? (? for menu, Esc to quit)
Okay, then.
Drink which item? (? for menu, Esc to quit)
You feel yourself speed up.
Duvessa is no longer berserk.
Duvessa hits you with a rapier of electrocution!
* * * LOW HITPOINT WARNING * * *
You are electrocuted!
You die...
You are very lightly contaminated with residual magic.
You are now level 8!
You rejoin the land of the living...
Are you sure you want to abandon this character and quit the game? (Confirm with "yes".)

......##....>#...............#
......+......#...............#
......##.....#...............#
.....#.......#......#....#)..####
.##..#..............#...)#)##....
.....#.#................)........
.....#....##....###....#.........
....########...>###..............
.##.... #.....@.............#.#
.##+### #..............#.......
... #...........#.##[....## ...
#####.......#........# ...
........+.....#.## ..
?........##....#.### $
#...#####...........
#.................<.
#.........##......


There were no monsters in sight!

Vanquished Creatures
  Grinder (D:3)
  A trapdoor spider zombie (D:7)
  A wolf (D:2)
  An ice beast (D:7)
  2 water moccasins
  2 orc warriors (D:7)
  5 centaurs
  2 ogres (D:7)
  The ghost of Tyryt0 the Covered, an average DgWn (D:3)
  A phantom (D:8)
  Sigmund (D:2)
  2 scorpions (D:4)
  A giant frog zombie (D:7)
  A goliath beetle (D:6)
  2 orc priests
  3 hounds
  A giant frog skeleton (D:8)
  4 worker ants
  6 orc wizards
  2 iguanas (D:6)
  Jessica (D:2)
  2 worker ant zombies
  6 gnolls
  12 adders
  A giant mite (D:1)
  4 worms
  2 adder zombies (D:7)
  8 giant geckos
  3 oozes
  26 orcs
  3 ball pythons
  9 bats
  2 bat skeletons
  9 goblins
  7 hobgoblins
  7 jackals
  20 kobolds
  3 quokkas
  4 giant cockroaches
  A giant gecko zombie (D:7)
  3 giant newts
  7 rats
180 creatures vanquished.

Vanquished Creatures (collateral kills)
  An orc warrior (D:8)
  A giant frog (D:8)
  An orc priest (D:8)
  A worker ant (D:8)
  An orc (D:8)
  A jackal (D:1)
  A kobold (D:2)
7 creatures vanquished.

Vanquished Creatures (others)
  A gnoll (D:2)
  2 fungi (D:1)
3 creatures vanquished.

Grand Total: 190 creatures vanquished

Notes
Turn   | Place    | Note
--------------------------------------------------------------
     0 | D:1      | Argons, the Felid Artificer, began the quest for the Orb.
     0 | D:1      | Reached XP level 1. HP: 9/9 MP: 2/2
   342 | D:1      | Reached XP level 2. HP: 6/12 MP: 4/4
  1400 | D:2      | Reached XP level 3. HP: 15/15 MP: 6/6
  1463 | D:2      | Noticed Sigmund
  1527 | D:2      | Found a shimmering altar of Xom.
  1656 | D:2      | Found a shimmering altar of Xom.
  1656 | D:2      | Found a shimmering altar of Xom.
  1657 | D:2      | Found a shimmering altar of Xom.
  1658 | D:2      | Found a shimmering altar of Xom.
  1956 | D:2      | Noticed Jessica
  1971 | D:2      | Killed Jessica
  2468 | D:2      | Reached XP level 4. HP: 15/19 MP: 9/9
  2470 | D:2      | Reached skill level 4 in Dodging
  2599 | D:3      | Noticed Grinder
  2832 | D:3      | Noticed Tyryt0's ghost (average DgWn)
  2977 | D:3      | Found an opulent altar of Gozag.
  3114 | D:4      | Reached XP level 5. HP: 22/22 MP: 10/10
  3629 | D:4      | Reached skill level 5 in Dodging
  3806 | D:4      | Reached skill level 5 in Stealth
  4025 | D:5      | Entered Level 5 of the Dungeon
  4117 | D:4      | Gained mutation: You are covered in thick fur (AC +2). [growing up]
  4117 | D:4      | Reached XP level 6. HP: 25/25 MP: 13/13
  4422 | D:3      | Became a worshipper of Gozag Ym Sagoz the Greedy
  4540 | D:5      | Noticed a centaur
  4567 | D:5      | Killed a centaur
  5235 | D:5      | Reached skill level 6 in Dodging
  6053 | D:5      | Reached XP level 7. HP: 21/29 MP: 15/15
  7644 | D:3      | Killed Grinder
  7644 | D:3      | Reached skill level 7 in Stealth
  7709 | D:3      | Killed Tyryt0's ghost
  7842 | D:3      | Reached skill level 5 in Unarmed Combat
  8421 | D:2      | Noticed Crazy Yiuf
  8422 | D:2      | Noticed Crazy Yiuf
  8422 | D:2      | Crazy Yiuf changed into Crazy Yiuf the wolf
  8436 | D:2      | Killed Crazy Yiuf the wolf
  8436 | D:2      | Reached XP level 8. HP: 19/34 MP: 17/17
  8644 | D:2      | Reached skill level 8 in Stealth
  9065 | D:2      | Killed Sigmund
  9606 | D:6      | Found a staircase to the Ecumenical Temple.
  9802 | D:6      | Found Moas' Distillery.
  9805 | D:6      | Bought a potion of curing for 36 gold pieces
  9805 | D:6      | Bought a potion of haste for 120 gold pieces
  9805 | D:6      | Bought a potion of curing for 36 gold pieces
  9805 | D:6      | Bought a potion of curing for 36 gold pieces
  9983 | D:6      | Found an iron altar of Okawaru.
 10249 | D:7      | Upgraded the game from 0.16-a0-3699-g1c51eb1 to 0.16-a0-3706-g5dff784
 10279 | D:7      | Reached skill level 9 in Stealth
 10942 | Temple   | Entered the Ecumenical Temple
 11071 | D:7      | Reached skill level 5 in Fighting
 11243 | D:7      | Found Weoxa's Antique Armour Emporium.
 12071 | D:7      | Reached skill level 10 in Stealth
 12071 | D:7      | Reached XP level 9. HP: 39/41 MP: 18/18
 12453 | D:8      | Noticed Pikel
 12979 | D:8      | Noticed Duvessa
 13010 | D:8      | Noticed Dowan
 13015 | D:8      | Noticed Dowan
 13015 | D:8      | Dowan changed into Dowan the worker ant
 13018 | D:8      | Killed Dowan the worker ant
 13044 | D:8      | Slain by Duvessa
 13045 | D:8      | Reached XP level 8. HP: 0/39 MP: 17/17
 13045 | D:8      | Quit the game

Action                   |  1- 3 |  4- 6 |  7- 9 || total
-------------------------+-------+-------+-------++-------
Melee: Unarmed           |    86 |   188 |   443 ||   717
Evoke: Wand              |    15 |    16 |    17 ||    48
  Use: Scroll            |     6 |     4 |     7 ||    17
       Potion            |       |     2 |     2 ||     4
 Stab: Sleeping          |     7 |     8 |    27 ||    42
       Distracted        |       |     2 |     7 ||     9
  Eat: Chunk             |     9 |     4 |       ||    13
       Royal jelly       |       |       |     1 ||     1
       Pizza             |       |       |     1 ||     1
       Meat ration       |       |       |     1 ||     1
       Beef jerky        |       |       |     1 ||     1
